Map: Golden Wall LE

Players

TIME (Oliveira)

  • Race: Terran Terran
  • League: Grandmaster
  • Spawn Location: 7:00

soO - Winner!

  • Race: Zerg Zerg
  • League: Master
  • Spawn Location: 5:00

Event: War Chest Team League

VOD

Have the link to the VOD?

Description

Time

  • Played on: Aug. 14, 2020, 8:04 a.m.
  • Length: 19:13
Show
View Real Time Build Order
Export as new Build Order

TIME Terran 

Build Orders: Liberator Opening, Reaper Expand 

Get SALT Encoding   

  12  0:00  SCV  
  13  0:12  SCV  
  14  0:17  Supply Depot  
  14  0:25  SCV  
  15  0:39  SCV  
  15  0:41  Barracks  
  16  0:45  Refinery  
  16  0:51  SCV  
  17  1:03  SCV  
  18  1:15  SCV  
  19  1:28  Reaper, Orbital Command  
  20  1:40  Command Center  
  20  1:54  SCV, Supply Depot  
  21  2:00  Marine  
  22  2:06  SCV  
  23  2:10  Factory  
  23  2:18  SCV  
  23  2:22  Refinery  
  24  2:23  Barracks Reactor  
  24  2:30  SCV  
  25  2:46  SCV  
  26  2:53  Orbital Command  
  26  2:55  Starport  
  26  2:58  SCV  
  27  3:07  Hellion x2, Marine  
  27  3:10  SCV  
  33  3:18  SCV  
  34  3:22  SCV  
  34  3:23  Supply Depot  
  34  3:25  Marine  
  36  3:28  Hellion x2  
  36  3:30  SCV  
  41  3:34  SCV  
  41  3:38  Liberator  
  45  3:42  SCV  
  45  3:46  SCV  
  45  3:47  Supply Depot  
  47  3:51  Hellion x2  
  47  3:54  SCV  
  52  3:57  Barracks Tech Lab  
  52  4:01  SCV  
  53  4:08  SCV  
  54  4:12  Command Center  
  54  4:15  Hellion  
  56  4:18  Hellion  
  56  4:19  SCV  
  59  4:24  SCV  
  59  4:28  Supply Depot  
  59  4:29  Stimpack  
  59  4:30  Marine  
  61  4:32  SCV  
  61  4:33  Starport Reactor  
  61  4:37  Barracks  
  62  4:47  Factory Reactor  
  62  4:50  SCV x2, Barracks  
  62  4:51  Supply Depot  
  62  4:52  Marine  
  65  5:02  SCV x2  
  65  5:05  Engineering Bay  
  65  5:06  Engineering Bay  
  67  5:10  Refinery  
  67  5:11  Refinery  
  67  5:12  Marine  
  68  5:14  SCV x2  
  70  5:26  SCV x2  
  70  5:28  Orbital Command  
  70  5:29  Marine  
  70  5:35  Widow Mine x2  
  75  5:38  Starport Reactor  
  75  5:39  Marine  
  75  5:40  Marine x2  
  78  5:42  Missile Turret  
  78  5:43  Missile Turret, Marine  
  78  5:48  Marine  
  66  5:50  Terran Infantry Weapons Level 1, Terran Infantry Armor Level 1  
  66  5:54  SCV  
  66  5:55  SCV, Missile Turret  
  64  5:57  Marine  
  64  5:59  Widow Mine  
  67  6:05  Marine  
  67  6:07  Marine x2  
  67  6:09  Combat Shield  
  70  6:14  Orbital Command, Widow Mine  
  70  6:17  SCV  
  73  6:18  Medivac  
  73  6:19  Armory, Medivac, Marine  
  73  6:23  Marine  
  78  6:26  SCV  
  78  6:27  Marine  
  78  6:28  Widow Mine  
  78  6:31  Marine  
  79  6:33  SCV  
  79  6:39  SCV x2, Widow Mine  
  84  6:43  Marine  
  84  6:45  SCV  
  86  6:49  Supply Depot, Missile Turret  
  86  6:50  Supply Depot  
  86  6:51  SCV  
  86  6:53  Marine  
  86  6:54  Marine  
  86  6:55  Marine  
  86  6:57  Medivac, Widow Mine  
  86  6:58  Medivac  
  86  6:59  SCV  
  86  7:00  SCV  
  93  7:01  Marine  
  93  7:02  Marine  
  93  7:04  SCV  
  93  7:05  Supply Depot  
  92  7:11  Supply Depot  
  92  7:12  SCV  
  93  7:22  Marine x2  
  93  7:23  SCV, Widow Mine  
  93  7:24  Marine  
  99  7:30  Marine  
  99  7:33  SCV  
  99  7:36  Marine  
  91  7:38  Medivac x2  
  91  7:40  Marine  
  91  7:42  Marine, Widow Mine  
  85  7:45  Marine  
  85  7:48  SCV x3, Marine  
  85  7:49  Barracks  
  90  7:53  Barracks  
  90  7:54  Marine  
  89  7:59  Terran Infantry Armor Level 2, Terran Infantry Weapons Level 2  
  89  8:00  SCV  
  89  8:01  SCV  
  89  8:02  Marine  
  89  8:03  Refinery  
  91  8:06  Widow Mine x2  
  91  8:07  Marine  
  91  8:08  Medivac  
  98  8:13  Marine  
  98  8:14  Marine  
  98  8:18  Medivac  
  98  8:19  SCV x3  
  105  8:21  Marine  
  105  8:24  Factory  
  106  8:27  Marine x2  
  103  8:34  Marine  
  103  8:36  Widow Mine  
  103  8:37  SCV, Widow Mine  
  109  8:43  Marine  
  109  8:44  Marine  
  109  8:45  Medivac, Marine  
  109  8:46  Barracks Reactor  
  109  8:47  SCV x2, Barracks Reactor  
  110  8:49  SCV, Refinery  
  110  8:50  Supply Depot  
  110  8:54  Marine  
  105  8:56  Medivac  
  105  8:59  SCV x2  
  105  9:01  SCV, Marine  
  105  9:02  Marine  
  112  9:03  Widow Mine x2  
  112  9:07  Marine  
  112  9:09  Supply Depot  
  115  9:11  SCV  
  115  9:13  Marine  
  115  9:17  SCV, Factory Tech Lab  
  117  9:21  Supply Depot  
  117  9:22  Marine  
  117  9:23  Marine  
  116  9:25  Command Center  
  116  9:29  Marine  
  115  9:32  SCV  
  115  9:34  Marine x2  
  115  9:35  SCV, Widow Mine x2  
  115  9:36  SCV  
  124  9:39  Supply Depot, Marine  
  124  9:41  Drilling Claws  
  124  9:42  Marine, Thor  
  124  9:44  Medivac x2  
  135  9:46  Command Center  
  135  9:50  Marine x4  
  139  9:54  Marine  
  139  9:56  SCV  
  141  10:00  Marine x2  
  141  10:01  SCV, Supply Depot  
  141  10:02  Supply Depot, Widow Mine  
  141  10:05  Marine  
  141  10:07  SCV  
  148  10:08  Widow Mine  
  148  10:09  Marine  
  148  10:13  Marine  
  150  10:16  SCV  
  150  10:18  SCV  
  150  10:19  Marine x2  
  150  10:21  Supply Depot  
  150  10:23  Barracks x2  
  150  10:24  Terran Infantry Weapons Level 3, Barracks  
  150  10:27  Marine x3  
  153  10:30  Widow Mine  
  153  10:40  Marine  
  154  10:45  Marine  
  154  10:46  Missile Turret  
  154  10:47  Marine, Thor  
  154  10:48  Marine  
  154  10:49  SCV  
  164  10:50  Marine  
  164  10:57  Marine x2  
  167  11:05  Marine  
  167  11:09  Widow Mine x2, Marine x2  
  170  11:11  Medivac x2  
  170  11:17  Marine  
  175  11:19  Barracks Tech Lab x2  
  175  11:22  Marine x2  
  175  11:25  Missile Turret  
  175  11:26  Barracks Tech Lab  
  175  11:29  Missile Turret  
  175  11:30  Widow Mine  
  175  11:31  Planetary Fortress  
  177  11:33  Marine x4  
  177  11:34  Missile Turret  
  177  11:38  Widow Mine x2  
  184  11:41  Marauder x2  
  184  11:42  Marauder  
  184  11:43  Concussive Shells  
  188  11:54  Marine  
  188  11:55  Marine  
  188  11:59  Supply Depot  
  186  12:08  Marine x2  
  188  12:09  Marine  
  188  12:11  Terran Infantry Armor Level 3  
  188  12:15  Marine  
  176  12:17  Marine x3  
  176  12:22  Marine x2  
  174  12:24  Marine x3  
  174  12:26  Medivac x2  
  174  12:27  Widow Mine x2  
  174  12:29  SCV  
  177  12:32  Armory  
  177  12:33  Marine x2  
  173  12:38  Marine  
  173  12:39  Factory  
  173  12:40  Missile Turret  
  173  12:41  Missile Turret, Command Center  
  173  12:42  Refinery  
  174  12:48  Marine  
  174  12:50  Marine  
  169  12:58  Marine  
  158  13:01  SCV  
  158  13:02  Marine  
  158  13:04  Medivac x2, Missile Turret, Widow Mine x2  
  167  13:06  Marine x2  
  167  13:10  Marine  
  167  13:13  Marine  
  167  13:16  Marine x3  
  167  13:17  Marauder x2  
  167  13:18  SCV  
  176  13:20  SCV  
  176  13:21  Factory  
  176  13:22  Marine  
  178  13:29  Marine  
  178  13:32  Factory Tech Lab  
  176  13:35  Supply Depot  
  176  13:39  Marine  
  169  13:46  Marine  
  169  13:47  Marine  
  169  13:48  Orbital Command  
  162  13:49  Marine  
  162  13:50  Widow Mine  
  162  13:53  Armory  
  162  13:55  Medivac x2, Widow Mine  
  154  13:58  SCV  
  154  13:59  Marine x2  
  154  14:00  Marauder x2  
  148  14:09  Marine x2  
  145  14:11  SCV  
  145  14:12  Marine  
  145  14:14  Marine x2  
  146  14:18  SCV  
  146  14:23  Marine  
  146  14:29  Marine  
  146  14:30  Marine x2  
  143  14:32  Widow Mine  
  143  14:33  Missile Turret  
  143  14:36  SCV  
  146  14:39  SCV  
  146  14:40  Armory  
  146  14:41  Marine  
  146  14:43  Marine  
  149  14:48  Widow Mine  
  149  14:49  Factory Reactor  
  149  14:50  Widow Mine  
  153  14:53  Widow Mine  
  153  14:57  Marine  
  154  15:00  SCV x2  
  154  15:05  SCV  
  154  15:06  SCV, Marine x3  
  154  15:07  Marine  
  161  15:12  Marine  
  163  15:14  Marine  
  163  15:21  SCV x2  
  166  15:22  Orbital Command  
  166  15:28  Marine  
  164  15:29  Marine  
  164  15:31  Marine  
  157  15:36  Medivac  
  157  15:39  Marine x2  
  157  15:40  Marauder  
  157  15:43  Marine x2  
  157  15:44  Marine  
  153  15:52  Marine  
  153  15:54  SCV  
  153  15:55  SCV x2  
  156  15:59  Marine  
  156  16:01  Planetary Fortress  
  156  16:02  SCV  
  156  16:04  Marine x2  
  150  16:05  Marine  
  150  16:07  Marine  
  150  16:09  Supply Depot  
  142  16:15  Marauder x2  
  142  16:16  SCV  
  142  16:17  SCV  
  143  16:19  SCV  
  143  16:21  Marauder  
  143  16:22  Widow Mine  
  143  16:23  Marine  
  149  16:27  Marine  
  149  16:28  Widow Mine, Marine  
  149  16:29  Widow Mine, Marine  
  149  16:31  Marine  
  153  16:33  SCV, Marine  
  153  16:34  SCV  
  153  16:36  SCV  
  153  16:37  Missile Turret, Marine  
  152  16:41  Widow Mine  
  152  16:44  Marauder x2  
  152  16:45  Marauder  
  160  16:47  SCV  
  160  16:50  Marauder  
  160  16:52  SCV  
  164  16:55  Marine  
  163  17:05  Marauder x2  
  167  17:14  Marauder x2  
  171  17:18  Marine  
  170  17:27  Marine  
  170  17:29  Marine x3  
  131  17:30  Marauder x2  
  131  17:31  Widow Mine x2  
  131  17:33  Marine  
  131  17:35  Marauder  
  131  17:36  Marauder, Marine x3  
  133  17:38  Widow Mine x2  
  133  17:43  SCV  
  137  17:45  Marine  
  137  17:47  Marine x2  
  137  17:51  Marauder, Marine  
  143  17:53  Marauder  
  143  17:57  Marauder x2  
  149  17:59  Marine  
  149  18:01  Widow Mine x2  
  154  18:09  Marine  
  154  18:12  Marine  
  153  18:16  Marine  
  153  18:19  Marine  
  155  18:24  Marine  
  155  18:26  Marine x2  
  155  18:32  Marine  
  155  18:33  Marauder  
  129  18:34  Marine  
  129  18:39  Marine x2  
  132  18:46  Widow Mine  
  108  18:52  Marine x2  
  108  18:53  Marine  
Show
View Real Time Build Order
Export as new Build Order

soO Zerg - Winner!

Build Orders: Hatch First, Muta Ling Bane 

Get SALT Encoding   

  12  0:00  Drone  
  13  0:11  Overlord  
  13  0:16  Drone  
  14  0:30  Drone x2  
  16  0:48  Hatchery  
  15  0:50  Drone  
  15  0:54  Drone  
  17  0:57  Drone  
  18  1:07  Extractor  
  17  1:13  Spawning Pool  
  17  1:16  Drone  
  17  1:19  Drone  
  18  1:27  Drone  
  19  1:37  Drone  
  20  1:49  Overlord  
  20  2:00  Zergling x4, Queen x2  
  26  2:11  Metabolic Boost  
  26  2:13  Drone  
  28  2:15  Drone  
  28  2:23  Drone x2  
  30  2:35  Queen  
  32  2:38  Overlord  
  32  2:39  Drone  
  34  2:44  Drone  
  34  2:49  Drone  
  35  2:54  Drone  
  35  2:58  Drone  
  37  3:02  Lair  
  37  3:05  Overlord  
  37  3:07  Drone  
  37  3:08  Drone x2  
  37  3:09  Drone  
  41  3:13  Queen  
  41  3:15  Drone  
  41  3:18  Extractor x2  
  41  3:19  Drone  
  43  3:20  Drone  
  43  3:24  Drone  
  43  3:25  Drone  
  46  3:27  Drone  
  47  3:36  Overlord  
  47  3:38  Drone  
  47  3:40  Drone  
  49  3:41  Drone  
  49  3:42  Drone  
  49  3:44  Drone  
  49  3:48  Overlord  
  52  3:54  Extractor  
  52  3:55  Drone x3  
  54  4:02  Spire  
  53  4:04  Drone x2  
  55  4:13  Zergling x4  
  55  4:16  Drone  
  58  4:19  Drone  
  59  4:25  Drone  
  59  4:28  Overseer  
  59  4:29  Baneling Nest  
  59  4:31  Hatchery  
  59  4:32  Spore Crawler  
  59  4:33  Zergling x2, Overlord  
  59  4:36  Drone  
  59  4:37  Drone  
  60  4:45  Drone  
  60  4:47  Overlord  
  61  4:58  Overlord, Drone  
  62  5:15  Mutalisk x6  
  71  5:25  Overlord  
  65  5:34  Mutalisk x2  
  64  5:36  Zergling x8  
  61  5:45  Drone  
  61  5:46  Drone  
  61  5:47  Drone  
  61  5:48  Drone  
  61  5:49  Drone  
  54  5:56  Drone x2  
  55  6:00  Drone  
  56  6:09  Drone x2  
  56  6:10  Queen  
  60  6:19  Drone x3  
  60  6:25  Drone  
  64  6:26  Overlord  
  64  6:33  Drone x2  
  64  6:34  Drone x2  
  64  6:35  Zerg Flyer Weapons Level 1  
  64  6:36  Queen  
  70  6:43  Drone x3  
  70  6:46  Queen  
  75  6:58  Drone x2, Centrifical Hooks  
  75  7:00  Zergling x10  
  82  7:05  Baneling  
  82  7:06  Baneling x2  
  82  7:07  Overlord  
  82  7:09  Zergling x8  
  86  7:17  Zergling x6  
  89  7:26  Zergling x2  
  89  7:27  Zergling x8  
  83  7:39  Drone  
  83  7:41  Drone x3  
  85  7:44  Evolution Chamber, Extractor x2  
  85  7:45  Evolution Chamber  
  85  7:47  Mutalisk x3  
  85  7:49  Drone x2  
  85  7:50  Drone  
  85  7:51  Drone  
  91  7:54  Drone  
  91  7:55  Drone  
  93  8:02  Drone  
  93  8:05  Zergling x8  
  98  8:07  Overlord  
  98  8:12  Baneling x3  
  98  8:19  Drone x2  
  100  8:20  Zerg Ground Armor Level 1  
  100  8:22  Zerg Melee Weapons Level 1  
  100  8:26  Drone x2  
  100  8:27  Drone  
  103  8:31  Hatchery  
  103  8:33  Mutalisk  
  104  8:36  Zergling x8  
  108  8:44  Zergling x2  
  108  8:45  Zergling x4  
  105  8:52  Mutalisk x3  
  105  8:54  Drone x2  
  109  9:03  Zerg Flyer Weapons Level 2  
  109  9:08  Mutalisk  
  112  9:10  Drone x5  
  112  9:15  Zergling x6  
  119  9:17  Overlord x2  
  119  9:21  Mutalisk  
  119  9:23  Baneling x7  
  121  9:33  Overlord x2  
  121  9:37  Drone x7  
  128  9:41  Mutalisk  
  130  9:47  Drone  
  130  9:48  Drone x2  
  130  9:52  Mutalisk x3  
  139  9:57  Drone  
  139  9:58  Drone  
  139  9:59  Zergling x10, Extractor  
  143  10:01  Overseer  
  143  10:05  Zergling x8, Baneling x5  
  145  10:08  Drone  
  145  10:10  Drone  
  137  10:16  Drone x3  
  137  10:19  Drone x2  
  142  10:22  Drone  
  142  10:27  Zerg Ground Armor Level 2, Zerg Melee Weapons Level 2  
  143  10:31  Drone x3  
  143  10:33  Drone x2  
  143  10:35  Pneumatized Carapace, Overseer  
  148  10:37  Zergling x8, Overlord  
  148  10:42  Overlord  
  152  10:57  Mutalisk x4  
  152  10:58  Hatchery  
  152  10:59  Baneling x2  
  152  11:00  Baneling  
  152  11:03  Zergling x18  
  164  11:21  Zergling x8  
  164  11:22  Overlord x2  
  168  11:26  Overlord  
  168  11:28  Overlord  
  168  11:30  Baneling x7  
  168  11:31  Overseer  
  168  11:39  Overlord  
  168  11:42  Zergling x22  
  168  11:47  Baneling x4  
  179  11:53  Drone x2  
  179  11:54  Drone x3  
  184  11:56  Zergling x12  
  190  12:04  Infestation Pit  
  189  12:08  Baneling x6  
  181  12:15  Zergling x18  
  181  12:16  Zergling x2  
  181  12:20  Baneling x2  
  189  12:31  Hatchery  
  189  12:32  Baneling x2  
  189  12:33  Baneling x5  
  189  12:34  Hatchery  
  187  12:39  Zergling x24  
  187  12:41  Hive  
  191  13:00  Zerg Flyer Armor Level 1  
  191  13:01  Mutalisk x4  
  191  13:14  Overlord  
  191  13:15  Overlord, Overseer x2  
  187  13:22  Drone x2  
  187  13:23  Drone  
  187  13:24  Baneling  
  187  13:25  Baneling x9  
  190  13:29  Zergling x2  
  190  13:30  Zergling x2  
  190  13:40  Zergling x20  
  196  13:45  Zergling x2  
  191  13:50  Zergling x4  
  191  13:52  Zergling x18, Zerg Ground Armor Level 3  
  191  13:53  Zerg Melee Weapons Level 3, Adrenal Glands  
  193  13:56  Ultralisk Cavern  
  193  13:58  Zergling x10  
  187  14:04  Overseer x2  
  187  14:06  Drone  
  187  14:08  Hatchery  
  172  14:12  Zergling x8  
  172  14:24  Drone x2  
  172  14:25  Drone  
  164  14:35  Mutalisk x6  
  164  14:38  Drone  
  176  14:45  Chitinous Plating  
  176  14:59  Hatchery  
  174  15:01  Zergling x2, Ultralisk x3  
  174  15:02  Zergling x12  
  192  15:28  Zergling x2  
  193  15:36  Zergling x2  
  193  15:37  Zergling x12  
  179  16:04  Anabolic Synthesis  
  176  16:11  Zergling x4  
  176  16:12  Zergling x24  
  189  16:22  Hatchery  
  188  16:32  Mutalisk x5  
  172  16:33  Hatchery  
  172  16:34  Drone x2  
  172  16:35  Drone  
  172  16:38  Drone  
  184  16:40  Drone x2  
  186  16:50  Ultralisk, Baneling x8  
  186  16:51  Zergling x2, Ultralisk  
  199  16:59  Baneling x9  
  199  17:13  Overlord  
  171  17:32  Zergling x24, Ultralisk  
  171  17:34  Drone x5  
  186  17:54  Hatchery  
  184  18:01  Baneling  
  184  18:02  Baneling x7  
  184  18:12  Zergling x28  
  195  18:20  Zergling x8  
  195  18:32  Zergling x2  
  195  18:33  Zergling x16  
  184  18:41  Zergling x18  
  177  18:54  Zergling x8  
Tags
 
Add a new tag
Caveats
  • Supply blocks, unpowered buildings, or Contaminate may cause inaccurate times.
  • Supply counts are checked every 10 seconds.